 Dungeon Crawl Stone Soup version 0.29-a0-283-ga02f740833 (webtiles) character file.

Game seed: 8114356719285893788

70783 kae the Fencer (level 15, -3/117 HPs)
             Began as a Merfolk Abyssal Knight on Mar 13, 2022.
             Was the Champion of Lugonu.
             Slain by a red devil
             ... wielding a +0 trident
             ... summoned by an orc high priest
              (11 damage)
             ... on level 1 of the Orcish Mines.
             The game lasted 00:26:35 (34723 turns).

kae the Fencer (Merfolk Abyssal Knight)            Turns: 34723, Time: 00:26:35

Health: -3/117     AC:  9    Str: 14    XL:     15   Next: 34%
Magic:  0/22       EV: 21    Int: 10    God:    Lugonu [******]
Gold:   2382       SH:  0    Dex: 27    Spells: 14/14 levels left

rFire   . . .      SeeInvis .   P - +2 great sword (flame)
rCold   . . .      Faith    .   (shield currently unavailable)
rNeg    . . .      Spirit   +   h - +0 ring mail
rPois   +          Reflect  .   (no helmet)
rElec   .          Harm     .   (no cloak)
rCorr   +          Rampage  .   i - +1 pair of gloves
Will    +....                   n - +2 pair of boots of the Clam {Dex+4}
Stlth   ..........              l - amulet of guardian spirit
HPRegen 0.29/turn               L - ring of Finality {+Blink AC+4}
MPRegen 0.18/turn               x - ring of Conflict {rPois rCorr Dex+2}

@: confused, ambrosia-drunk, spiked, corroded
A: (nimble swimmer 2), mertail
a: Renounce Religion, Evoke Blink, Depart the Abyss, Bend Space, Banish,
Corrupt, Enter the Abyss, Brand Weapon With Distortion


You were on level 1 of the Orcish Mines.
You worshipped Lugonu.
Lugonu was exalted by your worship.
You visited 3 branches of the dungeon, and saw 19 of its levels.
You visited the Abyss 1 time.
You also visited: Volcano.

You collected 2404 gold pieces.
You spent 22 gold pieces at shops.

Inventory:

Hand Weapons
 a - a +2 falchion
 m - a +0 triple sword of flaming
 r - a +3 triple sword of draining
 M - a +1 great sword of flaming
 P - a +2 great sword of flaming (weapon)
Armour
 b - a +0 leather armour
 c - an orb of wrath
 h - a +0 ring mail (worn)
 i - a +1 pair of gloves (worn)
 n - the +2 pair of boots of the Clam (worn) {Dex+4}
   (You found it on level 4 of the Dungeon)

   Dex:       It affects your dexterity (+4).
Jewellery
 e - a ring of magical power
 g - an amulet of reflection
 l - an amulet of guardian spirit (around neck)
 q - a ring of magical power
 t - a ring of protection from cold
 w - a ring of protection from cold
 x - the ring of Conflict (right hand) {rPois rCorr Dex+2}
   (You found it on level 5 of the Dungeon)

   [ring of poison resistance]

   Dex:       It affects your dexterity (+2).
   rPois:     It protects you from poison.
   rCorr:     It protects you from acid and corrosion.
 z - a ring of ice
 C - a ring of ice
 I - a +4 ring of protection
 L - the ring of Finality (left hand) {+Blink AC+4}
   (You found it on level 1 of the Lair of Beasts)

   [ring of protection]

   AC:        It affects your AC (+4).
   +Blink:    It lets you blink.
 N - a +6 ring of strength
 R - an amulet of magic regeneration
 S - a ring of flight
Wands
 y - a wand of digging (16)
 A - a wand of paralysis (9)
 D - a wand of mindburst (5)
 E - a wand of polymorph (8)
 F - a wand of iceblast (11)
 H - a wand of charming (6)
 O - a wand of acid (8)
Scrolls
 j - 5 scrolls of identify
 B - 4 scrolls of teleportation
 J - a scroll of enchant weapon
 Q - a scroll of fog
 U - a scroll of silence {unknown}
Potions
 d - 4 potions of attraction
 f - a potion of might
 k - 2 potions of flight
 o - 2 potions of lignification
 p - 6 potions of mutation
 s - 2 potions of magic
 u - 3 potions of curing
 v - 2 potions of cancellation
 K - 3 potions of haste
 T - a potion of brilliance


   Skills:
 - Level 10.4 Fighting
 - Level 20.0 Long Blades
 - Level 10.0 Armour
 - Level 12.0 Dodging
 - Level 10.1 Invocations
 + Level 6.3 Evocations


You had 14 spell levels left.
You didn't know any spells.
Your spell library contained the following spells:

 Spells                   Type           Power      Damage    Failure   Level
 Beastly Appendage        Tmut           0%         N/A       54%         1
 Magic Dart               Conj           0%         1d3       54%         1
 Summon Small Mammal      Summ           0%         N/A       54%         1
 Scorch                   Fire           0%         2d5       69%         2
 Static Discharge         Conj/Air       0%         N/A       69%         2
 Wereblood                Tmut           0%         N/A       69%         2
 Call Canine Familiar     Summ           0%         N/A       89%         3
 Inner Flame              Hex/Fire       0%         N/A       89%         3
 Spider Form              Tmut/Pois      0%         N/A       89%         3
 Summon Guardian Golem    Hex/Summ       0%         N/A       89%         3
 Tukima's Dance           Hex            0%         N/A       89%         3
 Cause Fear               Hex            0%         N/A       100%        4
 Dispel Undead            Necr           0%         3d6       100%        4
 Flame Wave               Conj/Fire      0%         2d4       100%        4
 Fulminant Prism          Conj/Hex       0%         3d6       100%        4
 Iskenderun's Mystic Bla  Conj/Tloc      0%         2d3       100%        4
 Passage of Golubria      Tloc           0%         N/A       100%        4
 Petrify                  Tmut/Erth      0%         N/A       100%        4
 Sticky Flame             Conj/Fire      0%         2d3       100%        4
 Alistair's Intoxication  Tmut/Pois      0%         N/A       100%        5
 Borgnjor's Vile Clutch   Necr/Erth      0%         N/A       100%        5
 Lee's Rapid Deconstruct  Erth           0%         3d5*      100%        5
 Metabolic Englaciation   Hex/Ice        0%         N/A       100%        5
 Yara's Violent Unravell  Hex/Tmut       0%         3d3       100%        5
 Eringya's Noxious Bog    Tmut/Pois      0%         N/A       100%        6
 Statue Form              Tmut/Erth      0%         N/A       100%        6
 Summon Cactus Giant      Summ           0%         N/A       100%        6
 Discord                  Hex            0%         N/A       100%        8


Dungeon Overview and Level Annotations

Branches:
Dungeon (11/15)            Temple (0/1) D:6            Lair (6/6) D:9
  Swamp (0/4) Lair:2       Spider (0/4) Lair:2        Slime (0/5) Lair:5
    Orc (2/2) D:10            Elf (0/3) Orc:2       Volcano (visited)

Altars:
Kikubaaqudgha
Sif Muna
Vehumet
Zin
The Shining One
Beogh

Shops:
Orc:2 **

Annotations:
D:5 1 runed translucent door, Crazy Yiuf
D:9 corrupted
Lair:1 6 runed translucent doors


Innate Abilities, Weirdness & Mutations

((You are very nimble when in or above water. (Stealth+, EV+, Speed+++)))
Your lower body shifts to a powerful aquatic tail in water.


Message History

Lugonu accepts your kill.
Press: ? - help, Shift-Dir - straight line, f - orc high priest
Aim: an orc high priest, wielding a +0 glaive (chance to affect: 56%)
The sixfirhy resists with significant effort.
The sixfirhy misses you. The red devil completely misses you.
The sixfirhy hits you but does no damage.
You hit the sixfirhy but do no damage. The sixfirhy hits you.
* * * LOW HITPOINT WARNING * * *
The sixfirhy shocks you!
* * * LOW HITPOINT WARNING * * *
The sixfirhy misses you. The orc high priest closely misses you.
The rust devil hits you. The rust devil corrodes you!
Okay, then.
Okay, then.
You don't have enough magic at the moment.
You are confused.
You feel invigorated. The sixfirhy completely misses you.
The sixfirhy barely misses you. The sixfirhy misses you.
The red devil hits you from afar with a +0 trident.
* * * LOW HITPOINT WARNING * * *
Barbed spikes become lodged in your body.
The sixfirhy completely misses you.
The orc high priest hits you from afar with a +0 glaive.
* * * LOW HITPOINT WARNING * * *
The rust devil hits you. The rust devil corrodes you!
The red devil completely misses you. The orc high priest closely misses you.
The rust devil hits you. The rust devil corrodes you!
The red devil hits you from afar with a +0 trident!
* * * LOW HITPOINT WARNING * * *
Barbed spikes become lodged in your body.
The orc high priest hits you from afar with a +0 glaive!
* * * LOW HITPOINT WARNING * * *
The rust devil misses you. The sixfirhy hits you.
* * * LOW HITPOINT WARNING * * *
The sixfirhy shocks you!
* * * LOW HITPOINT WARNING * * *
The sixfirhy hits you but does no damage.
The red devil hits you from afar with a +0 trident!
You die...

#............#...#...^......
#............#...#..........
#............##.##..........
#..........####)####........
#........###..)))..###......
###...####.....).....####...
##'## #....o........# ##'#
###...###..43.........###...
#......#...@)4.........#....
#......#......._.......#....
#......#...............#....
#......##.............##....
#.......#.......... #.....
#.......##......... ##.....
#........###....... #......
########## ####### #######


You could see an orc high priest, a rust devil (summoned), a sixfirhy (summoned)
and a red devil (summoned).

Vanquished Creatures
  An orc warlord (Orc:1)
  A boulder beetle (Lair:4)
  3 hydras
  A two-headed ogre (D:11)
  An orc high priest (Orc:1)
  10 death yaks
  Amaemon (Lair:3)
  A deep elf archer (Volcano)
  6 orc knights
  2 lindwurms (Lair:1)
  A manticore (D:11)
  5 deep elf pyromancers (Volcano)
  3 orc sorcerers (Orc:1)
  A wolf spider (Lair:2)
  11 elephants
  An orange demon (Lair:3)
  2 black mambas
  A torpor snail (Lair:5)
  An eye of devastation (Lair:5)
  A kobold demonologist (D:11)
  A gargoyle (D:11)
  11 cane toads
  4 rime drakes
  4 komodo dragons
  7 trolls
  7 polar bears
  7 hornets
  12 blink frogs
  A dream sheep (Lair:4)
  Sigmund (D:6)
  24 spriggans
  77 yaks
  A shadow (D:10)
  A vampire (D:10)
  7 wyverns
  2 wraiths (D:11)
  3 basilisks
  5 fire elementals (Volcano)
  2 steam dragons
  9 wargs
  Grum (D:8)
  Edmund (D:6)
  An acid dragon (D:10)
  6 hell hounds (Volcano)
  A floating eye (Lair:5)
  31 orc warriors
  11 water moccasins
  An ice beast (D:8)
  5 black bears
  37 wolves
  8 boggarts
  3 centaurs
  8 ogres
  A gnoll sergeant (D:9)
  13 bullfrogs
  A scorpion (D:5)
  A necrophage (D:6)
  13 wights
  13 killer bees
  An electric eel (Lair:2)
  5 howler monkeys
  2 lava snakes (Lair:1)
  4 hounds
  2 jellies (D:6)
  23 orc priests
  A gnoll shaman (D:7)
  2 iguanas
  21 orc wizards
  2 adders (D:4)
  13 gnolls
  A river rat (D:4)
  2 shadow imps
  2 white imps
  An ufetubus (D:6)
  A worm (D:4)
  4 dart slugs
  83 orcs
  9 ball pythons
  5 endoplasms
  3 giant cockroaches
  2 goblins (D:2)
  7 hobgoblins
  12 jackals
  6 quokkas
  7 bats
  2 frilled lizards
  6 kobolds
  7 rats
632 creatures vanquished.

Vanquished Creatures (others)
  Erolcha (D:9)
  2 two-headed ogres (D:9)
  3 deep elf pyromancers
  A cyclops (D:9)
  A manticore (D:9)
  An ugly thing (D:9)
  A hornet (D:9)
  A basilisk (D:9)
  A wyvern (D:9)
  A steam dragon (D:9)
  A yak (D:9)
  A water moccasin (D:9)
  An orc warrior (D:9)
  A black bear (D:9)
  2 centaurs (D:9)
  A kobold brigand (D:9)
  A gnoll sergeant (D:9)
  A bullfrog (D:9)
  4 wights (D:9)
  3 orc wizards
  A bush (D:9)
  29 fungi
  42 plants
  19 starspawn tentacles (D:9)
  5 toadstools (D:1)
125 creatures vanquished.

Grand Total: 757 creatures vanquished

Notes
Turn   | Place    | Note
-------+----------+-------------------------------------------
     0 | Abyss:1  | kae the Merfolk Abyssal Knight began the quest for the Orb.
     0 | Abyss:1  | Reached XP level 1. HP: 18/18 MP: 2/2
    84 | Abyss:1  | Noticed a small abomination
    85 | D:1      | Escaped the Abyss
   218 | D:1      | Reached XP level 2. HP: 18/24 MP: 3/3
   294 | D:1      | Found a faded altar of an unknown god.
   320 | D:1      | Got Plato's Almanac of Damage Dealing
   409 | D:1      | Reached ** piety under Lugonu
   435 | D:1      | Reached skill level 3 in Long Blades
   715 | D:1      | Reached XP level 3. HP: 24/29 MP: 4/4
  1126 | D:2      | Found a radiant altar of Vehumet.
  1878 | D:2      | Reached XP level 4. HP: 23/37 MP: 5/5
  2817 | D:3      | Reached skill level 4 in Long Blades
  3689 | D:3      | Reached XP level 5. HP: 38/42 MP: 7/7
  4529 | D:4      | Reached XP level 6. HP: 20/49 MP: 8/8
  4750 | D:4      | Identified the +2 pair of boots of the Clam {Dex+4}
  4789 | D:4      | Reached *** piety under Lugonu
  4817 | D:4      | Reached skill level 5 in Long Blades
  5167 | D:5      | Entered Level 5 of the Dungeon
  5491 | D:5      | Reached XP level 7. HP: 55/55 MP: 9/9
  5507 | D:5      | Reached skill level 6 in Long Blades
  5507 | D:5      | Reached skill level 5 in Dodging
  5640 | D:5      | Reached skill level 5 in Fighting
  5905 | D:5      | Found a glowing silver altar of Zin.
  6007 | D:5      | Found a runed translucent door.
  6008 | D:5      | Noticed Crazy Yiuf
  6148 | D:5      | Identified the ring of Conflict {rPois rCorr Dex+2}
  6425 | D:6      | Noticed Sigmund
  6445 | D:6      | Killed Sigmund
  6605 | D:6      | Reached skill level 7 in Long Blades
  6605 | D:6      | Reached XP level 8. HP: 63/63 MP: 8/11
  6968 | D:6      | Noticed Edmund
  6990 | D:6      | Killed Edmund
  6991 | D:6      | Reached skill level 5 in Invocations
  7059 | D:6      | Found a staircase to the Ecumenical Temple.
  7335 | D:6      | Found a shimmering blue altar of Sif Muna.
  7565 | D:6      | Reached skill level 8 in Long Blades
  7653 | D:7      | Reached **** piety under Lugonu
  8998 | D:7      | Identified a scroll of acquirement
  8998 | D:7      | Acquired a +2 triple sword of draining
  9013 | D:8      | Noticed Grum
  9036 | D:7      | Reached XP level 9. HP: 70/70 MP: 11/13
  9215 | D:8      | Reached skill level 9 in Long Blades
  9469 | D:8      | Noticed a troll
  9489 | D:8      | Killed a troll
  9662 | D:8      | Found an ancient bone altar of Kikubaaqudgha.
  9725 | D:8      | Reached skill level 10 in Long Blades
 10684 | D:8      | Killed Grum
 10685 | D:8      | Reached XP level 10. HP: 32/79 MP: 6/15
 11570 | D:8      | Reached skill level 11 in Long Blades
 12378 | D:9      | Noticed a two-headed ogre
 12378 | D:9      | Noticed a two-headed ogre
 12378 | D:9      | Noticed a manticore
 12378 | D:9      | Noticed a cyclops
 12379 | D:9      | Noticed a purple ugly thing
 12379 | D:9      | Noticed Erolcha
 12380 | D:9      | Corrupted D:9
 12380 | D:9      | Noticed a starcursed mass
 12380 | D:9      | Noticed a tentacled starspawn
 12380 | D:9      | Noticed a tentacled starspawn
 12380 | D:9      | Noticed a purple draconian
 12381 | D:9      | Killed a manticore
 12384 | D:9      | Killed a two-headed ogre
 12387 | D:9      | Killed a cyclops
 12387 | D:9      | Killed a purple ugly thing
 12389 | D:9      | Killed a two-headed ogre
 12391 | D:9      | Killed Erolcha
 12395 | D:9      | Noticed a deep elf pyromancer
 12398 | D:9      | Killed a deep elf pyromancer
 12411 | D:9      | Found a staircase to the Lair.
 12422 | D:9      | Noticed a tentacled starspawn
 12427 | D:9      | Reached skill level 12 in Long Blades
 12966 | D:10     | Entered Level 10 of the Dungeon
 13529 | D:10     | Reached skill level 10 in Dodging
 13529 | D:10     | Reached XP level 11. HP: 69/87 MP: 7/17
 13997 | D:10     | Found a staircase to the Orcish Mines.
 14490 | D:10     | Found a glowing golden altar of the Shining One.
 15074 | D:11     | Reached skill level 13 in Long Blades
 15077 | D:11     | Noticed a manticore
 15088 | D:11     | Killed a manticore
 15865 | D:11     | Noticed a two-headed ogre
 15874 | D:11     | Killed a two-headed ogre
 16600 | Lair:1   | Entered Level 1 of the Lair of Beasts
 16659 | Lair:1   | Reached skill level 14 in Long Blades
 16915 | Lair:1   | Found a dark tunnel.
 16933 | Lair:1   | Found a runed translucent gate.
 16933 | Lair:1   | Found a runed translucent gate.
 16933 | Lair:1   | Found a runed translucent gate.
 16933 | Lair:1   | Found a runed translucent gate.
 16933 | Lair:1   | Found a runed translucent gate.
 16933 | Lair:1   | Found a runed translucent gate.
 16933 | Lair:1   | Identified the ring of Finality {+Blink AC+4}
 16933 | Lair:1   | Noticed a boulder beetle
 16933 | Lair:1   | Noticed a boulder beetle
 16933 | Lair:1   | Noticed a lindwurm
 16933 | Lair:1   | Noticed a lindwurm
 16941 | Lair:1   | Killed a lindwurm
 16944 | Lair:1   | Killed a lindwurm
 16950 | Lair:1   | Reached XP level 12. HP: 8/97 MP: 1/19
 17127 | Volcano  | Entered a volcano
 17304 | Volcano  | Reached skill level 10 in Fighting
 17899 | Volcano  | HP: 3/97 [deep elf pyromancer/+0 long sword (5)]
 18342 | Volcano  | Reached skill level 15 in Long Blades
 18342 | Volcano  | Reached skill level 10 in Invocations
 19322 | Lair:2   | Noticed a death yak
 19322 | Lair:2   | Noticed a death yak
 19322 | Lair:2   | Noticed a death yak
 19322 | Lair:2   | Noticed a death yak
 19322 | Lair:2   | Noticed a death yak
 19706 | Lair:1   | Killed a death yak
 19708 | Lair:1   | Killed a death yak
 19710 | Lair:1   | Killed a death yak
 19711 | Lair:1   | Reached skill level 16 in Long Blades
 19716 | Lair:1   | Killed a death yak
 20347 | Lair:1   | Killed a death yak
 20546 | Lair:1   | Reached skill level 17 in Long Blades
 20684 | Lair:2   | Reached ***** piety under Lugonu
 20894 | Lair:2   | Reached XP level 13. HP: 100/104 MP: 18/20
 21203 | Lair:2   | Found a hole to the Spider Nest.
 21225 | Lair:2   | Reached skill level 18 in Long Blades
 21410 | Lair:2   | Found a staircase to the Swamp.
 22524 | Lair:3   | Noticed Amaemon
 22536 | Lair:3   | Reached skill level 19 in Long Blades
 22560 | Lair:3   | Killed Amaemon
 23579 | Lair:3   | Reached skill level 20 in Long Blades
 23584 | Lair:3   | Reached skill level 1 in Armour
 24557 | Lair:4   | Identified the +9 morningstar "Zaiph" {vorpal, Will+ Int+7
                  | Dex+2}
 24824 | Lair:4   | Reached XP level 14. HP: 83/111 MP: 15/21
 24975 | Lair:4   | Reached skill level 5 in Armour
 27265 | Lair:5   | Found a staircase to the Slime Pits.
 27268 | Lair:5   | Paralysed by a floating eye for 2 turns
 27277 | Lair:5   | Paralysed by a floating eye for 4 turns
 28838 | Lair:6   | Entered Level 6 of the Lair of Beasts
 29235 | Lair:6   | Reached ****** piety under Lugonu
 31176 | Orc:1    | Entered Level 1 of the Orcish Mines
 31353 | Orc:1    | Noticed an orc warlord
 31562 | D:10     | Reached XP level 15. HP: 96/117 MP: 18/22
 32056 | Orc:1    | Reached skill level 10 in Armour
 32139 | Orc:1    | Reached skill level 1 in Evocations
 32247 | Orc:1    | Noticed an orc warlord
 32276 | Orc:2    | Entered Level 2 of the Orcish Mines
 33542 | Orc:2    | Found Fauf's Specific Store.
 33544 | Orc:2    | Found Reur's General Store.
 33548 | Orc:2    | Bought a scroll of identify for 22 gold pieces
 33576 | Orc:2    | Found a staircase to the Elven Halls.
 34159 | Orc:1    | Reached skill level 5 in Evocations
 34335 | Orc:1    | Paralysed by an orc sorcerer for 5 turns
 34669 | Orc:1    | Killed an orc warlord
 34719 | Orc:1    | HP: 5/117 [sixfirhy[an orc high priest] (12)]
 34723 | Orc:1    | Slain by a red devil

Illustrated notes

Levels and vault maps discovered:
D:1:      ldierk_walled_garden, layout_basic,
          shapermc_ecumenical_altar_rom_forum
D:2:      layout_basic, basic_altar, supply_closet_lemuel, minivault_24
D:3:      layout_basic
D:4:      layout_gridville, gup_sewer_entry_bubbles
D:5:      layout_loops_corners, zin_academy, minmay_pentangle,
          uniq_crazy_yiuf_cottage
D:6:      layout_basic, led_sif_pool, minmay_temple_entry_offerings,
          uniq_sigmund, uniq_edmund
D:7:      layout_layer_cave
D:8:      layout_basic, mainiacjoe_overflow_paths, hangedman_decor_opposing,
          uniq_grum
D:9:      cheibrodos_fzero, layout_rooms, minmay_lair_entry_grove, uniq_erolcha
D:10:     layout_grid_maze, lemuel_crystal_altar, hiddenorc2_lemuel
D:11:     layout_small_grid
Lair:1:   gammafunk_indiana_jones, layout_small_grid,
          nicolae_volcano_entry_lava_flow, serial_bayou_shore_b
Lair:2:   layout_chaotic_city, swamp_mist_pool, spider_nest_entry_rubble
Lair:3:   layout_cave_pods, chequers_serial_rivers_small_a, grunt_megastairs_1,
          uniq_amaemon
Lair:4:   kb_forest_paths, layout_long_grid, minivault_27
Lair:5:   layout_layer_cave, minmay_slime_entry_eyes, beast_lair_carwin_11
Lair:6:   minmay_lair_end_enchanted_forest, layout_cave_pods
Orc:1:    orc_temple, layout_diamond_mine
Orc:2:    grunt_orc_tribal_feast, layout_caves, nicolae_specific_store

Skill      XL: |  1  2  3  4  5  6  7  8  9 10 11 12 13 14 15 |
---------------+----------------------------------------------+-----
Dodging        | 3 4 5 7 8 10 11 12 | 12.0
Long Blades    | 3 4 5 7 8 10 12 14 17 20 | 20.0
Fighting       | 4 5 6 7 8 9 10 | 10.4
Invocations    | 3 4 5 7 8 9 10 | 10.1
Armour         | 4 9 10 | 10.0
Evocations     | 6 |  6.3

Action                   |  1- 3 |  4- 6 |  7- 9 | 10-12 | 13-15 || total
-------------------------+-------+-------+-------+-------+-------++-------
Melee: Falchion          |   114 |   196 |   305 |   633 |       ||  1248
       Punch             |     2 |       |       |       |       ||     2
       Tailslap          |       |     3 |       |       |       ||     3
       Great sword       |       |       |       |    89 |   947 ||  1036
Invok: Depart the Abyss  |     1 |       |       |       |       ||     1
       Bend Space        |       |     2 |     2 |     9 |     2 ||    15
       Corrupt           |       |       |       |     1 |       ||     1
       Banish            |       |       |       |       |     1 ||     1
Evoke: Wand              |       |       |     1 |     3 |     1 ||     5
  Use: Scroll            |       |    12 |     8 |    15 |     4 ||    39
       Potion            |       |       |     1 |     7 |     3 ||    11
 Stab: Sleeping          |     1 |     1 |       |       |     2 ||     4
       Invisible         |       |       |     2 |     9 |       ||    11
       Paralysed         |       |       |     7 |     3 |       ||    10
       Distracted        |       |       |       |       |     3 ||     3
Armor: Leather armour    |    19 |       |       |       |       ||    19
       Ring mail         |    19 |    76 |    93 |   160 |   213 ||   561
Dodge: Dodged            |    99 |   165 |   264 |   531 |   772 ||  1831

Table legend: (Time is in decaauts)
 A = Elapsed time spent in this place.
 B = Non-inter-level travel time spent in this place.
 C = Inter-level travel time spent in this place.
 D = Time resting spent in this place.
 E = Time spent auto-exploring this place.
 F = Levels seen in this place.
 G = Mean time per level.
                   A        B        C        D        E       F      G
               +--------+--------+--------+--------+--------+-----+--------+
         Total |  34985 |  33954 |   1031 |   9078 |  20125 |  21 | 1666.0 |
       Dungeon |  17368 |  16835 |    533 |   3276 |  11190 |  11 | 1578.9 |
          Lair |  12788 |  12396 |    392 |   3484 |   7620 |   6 | 2131.3 |
  Orcish Mines |   3155 |   3050 |    105 |   1181 |   1102 |   2 | 1577.5 |
         Abyss |     85 |     85 |      0 |      0 |     81 |   1 |   85.0 |
       Volcano |   1587 |   1587 |      0 |   1136 |    132 |   1 | 1587.0 |
               +--------+--------+--------+--------+--------+-----+--------+

Top non-repeatable levels by time:
  Lair:4: 2966 daAuts
  Lair:1: 2459 daAuts
     D:8: 2401 daAuts
    D:10: 2297 daAuts
  Lair:6: 2133 daAuts
     D:7: 2058 daAuts
  Lair:5: 2007 daAuts
     D:2: 1965 daAuts
   Orc:1: 1814 daAuts
  Lair:3: 1700 daAuts
    D:11: 1627 daAuts
 Volcano: 1587 daAuts
  Lair:2: 1520 daAuts
   Orc:2: 1341 daAuts
     D:5: 1335 daAuts
